 Dungeon Crawl Stone Soup version 0.18-a0-1-gfac8111 (webtiles) character file.

331 bart the Cleaver (level 6, -1/51 HPs)
             Began as a Hill Orc Chaos Knight on Oct 30, 2015.
             Slain by a sky beast (5 damage)
             ... on level 5 of the Dungeon.
             The game lasted 00:07:44 (1482 turns).

bart the Cleaver (Hill Orc Chaos Knight)            Turns: 1482, Time: 00:07:44

Health: -1/51      AC:  5    Str: 15      XL:     6   Next: 52%
Magic:  6/6        EV: 12    Int:  9 (12) God:    Xom [.....*]
Gold:   156        SH:  0    Dex: 12      Spells: 0 memorised, 5 levels left

rFire  . . .     SeeInvis .     r - +1 hand axe (flame)
rCold  . . .     Clarity  .     l - +2 leather armour
rNeg   . . .     SustAt   .     (no shield)
rPois  .         Gourm    .     (no helmet)
rElec  .         Spirit   .     (no cloak)
rCorr  .         Warding  .     (no gloves)
rMut   .         Stasis   .     (no boots)
MR     .....                    (no amulet)
Stlth  +.........               (no ring)
                                (no ring)

@: not resistant to hostile enchantments, very unstealthy
A: no striking features
a: Renounce Religion


You were on level 5 of the Dungeon.
You worshipped Xom.
You were Xom's teddy bear.
You were not hungry.

You visited 2 branches of the dungeon, and saw 6 of its levels.

You collected 156 gold pieces.

Inventory:

Hand Weapons
 a - a +0 hand axe of chaos
 b - a +0 hunting sling
 i - a +0 war axe
 r - a +1 hand axe of flaming (weapon)
Missiles
 e - 108 stones (quivered)
 o - a throwing net {=f}
 t - 8 poisoned needles
Armour
 l - a +2 leather armour (worn)
Scrolls
 d - 2 scrolls of amnesia {unknown}
 f - 2 scrolls of identify {unknown}
 j - a scroll of enchant armour {unknown}
 m - 2 scrolls of teleportation {unknown}
 n - 2 scrolls of remove curse {unknown}
 u - a scroll of noise {unknown}
Potions
 h - a potion of resistance {unknown}
 k - a potion of cure mutation {unknown}
Books
 s - a book of Hinderance
Comestibles
 c - a bread ration
 g - 2 beef jerkies
 p - 3 chunks of flesh
 q - a meat ration


   Skills:
 - Level 3.6 Fighting
 + Level 8.6 Axes
 - Level 2.1 Armour
 + Level 2.2 Dodging


You had 5 spell levels left.
You didn't know any spells.

Dungeon Overview and Level Annotations

Branches:
Dungeon (5/15)             Temple (1/1) D:4

Altars:
Ashenzari
Cheibriados
Dithmenos
Elyvilon
Fedhas
Gozag
Kikubaaqudgha
Nemelex Xobeh
Okawaru
Ru
Trog
Vehumet
Xom
Yredelemnul


Message History

You hit the orc. You burn the orc. The orc hits you but does no damage.
You slash the orc! You burn the orc.
You kill the orc!
You barely miss the orc. The orc misses you.
You hit the orc. You burn the orc.
You kill the orc!
No target in view!
Things that are here:
a falchion; a leather armour; an orc corpse You butcher the orc corpse.
p - 5 chunks of flesh (gained 1)
Things that are here:
a falchion; a leather armour
There is an open door, spattered with blood here.
Items here: )) [ † a club; a ring mail; a club; an orc corpse Health restored: 51
t - 8 poisoned needles You open the door.
There is an open door here.
There is an escape hatch in the floor here.
m - 2 scrolls labeled FOARUP GOS TOSIXT (gained 1)
An ooze comes into view.
The ooze quivers.
The ooze hits you but does no damage.
You completely miss the ooze. The ooze hits you.
You take 2 damage, and have 49/51 hp.
You barely miss the ooze. The ooze closely misses you.
You hit the ooze. You burn the ooze.
The ooze jiggles.
The ooze hits you but does no damage.
You hit the ooze. You burn the ooze.
You kill the ooze!
No target in view!
You open the door.
There is an open door here.
You now have 156 gold pieces (gained 9).
Some of the chunks of flesh in your inventory have rotted away.
Health restored: 51 You open the door.
There is an open door here.
Eating one of 4 chunks of flesh.
You continue eating. x2
There is a shadowy altar of Dithmenos here.
There is a stone staircase leading down here.
You climb downwards.
There is a stone staircase leading up here.
A sky beast comes into view.
You see here a scroll labeled GICSOUHUTO.
u - a scroll labeled GICSOUHUTO You closely miss the sky beast.
The sky beast hits you but does no damage.
You barely miss the sky beast. The sky beast misses you.
You hit the sky beast. You burn the sky beast.
The sky beast hits you but does no damage.
You closely miss the sky beast.
The sky beast hits you but does no damage.
You closely miss the sky beast. The sky beast hits you.
The sky beast shocks you.
You take 6 damage, and have 45/51 hp.
You closely miss the sky beast. You barely miss the sky beast.
The sky beast hits you but does no damage.
You hit the sky beast. You burn the sky beast.
The sky beast hits you but does no damage.
You hit the sky beast. You burn the sky beast.
The sky beast flickers out of sight!
Deactivating autopickup; reactivate with Ctrl-A.
Something hits you but does no damage.
You closely miss something. Something hits you. Something shocks you.
You take 7 damage, and have 39/51 hp.
You miss something. Something hits you but does no damage.
Unknown command.
You miss something. You hit something but do no damage.
Something hits you but does no damage.
You barely miss something. Something hits you. Something shocks you.
You take 9 damage, and have 31/51 hp.
You hit something. You burn something. Something hits you.
Something shocks you.
* * * LOW HITPOINT WARNING * * *
You take 9 damage, and have 22/51 hp.
You miss something.
A sky beast appears from thin air!
Reactivating autopickup.
The sky beast hits you.
* * * LOW HITPOINT WARNING * * *
The sky beast shocks you.
* * * LOW HITPOINT WARNING * * *
You take 8 damage, and have 14/51 hp.
You hit the sky beast. You burn the sky beast. The sky beast hits you.
* * * LOW HITPOINT WARNING * * *
The sky beast shocks you.
* * * LOW HITPOINT WARNING * * *
You take 7 damage, and have 7/51 hp.
Unknown command.
Drink which item? (? for menu, Esc to quit)
Okay, then.
You miss the sky beast. The sky beast hits you.
* * * LOW HITPOINT WARNING * * *
The sky beast shocks you.
You die...

......####+#### #
.............#
.............# #
#+#..........#
#.####.#..........#
...#:#[...<.....#
#####.#.#..........#
#.......#..........#
#....Y@............####
#......####.###........
#....... ...# #........
############# #........
#........ #........
#........ ###.##### #.#
#.


You could see a sky beast.

Vanquished Creatures
  A phantom (D:4)
  An orc priest (D:4)
  An orc wizard (D:3)
  2 worker ants
  An iguana (D:4)
  4 adders
  An ooze (D:4)
  An adder skeleton (D:4)
  A worm (D:4)
  A giant gecko (D:2)
  15 orcs
  A ball python (D:3)
  A giant cockroach (D:4)
  4 goblins
  12 jackals
  2 kobolds
  2 quokkas (D:3)
  4 bats
  4 giant newts
  2 rats
61 creatures vanquished.

Notes
Turn   | Place    | Note
--------------------------------------------------------------
     0 | D:1      | bart the Hill Orc Chaos Knight began the quest for the Orb.
     0 | D:1      | Reached XP level 1. HP: 19/19 MP: 1/1
    38 | D:1      | XOM: silly message
    76 | D:2      | XOM: potion effect (invisibility)
    85 | D:2      | Reached XP level 2. HP: 21/26 MP: 2/2
    98 | D:2      | Reached skill level 5 in Axes
   142 | D:2      | Reached XP level 3. HP: 21/31 MP: 3/3
   180 | D:2      | XOM: silly message
   299 | D:3      | XOM: harmless Divn miscast
   330 | D:3      | XOM: smoke on damage
   334 | D:3      | Reached skill level 6 in Axes
   447 | D:4      | XOM: potion effect (berserk rage)
   449 | D:4      | Reached XP level 4. HP: 39/39 MP: 4/4
   522 | D:3      | XOM: divination: magic mapping
   567 | D:3      | Reached skill level 7 in Axes
   567 | D:3      | Reached XP level 5. HP: 17/45 MP: 5/5
   690 | D:5      | Entered Level 5 of the Dungeon
   840 | D:4      | Found a shadowy altar of Dithmenos.
   871 | D:4      | XOM: silly message
   983 | D:4      | Found a shattered altar of Ashenzari.
  1026 | D:4      | Reached skill level 1 in Dodging
  1028 | D:4      | Noticed a phantom
  1029 | D:4      | Reached skill level 8 in Axes
  1035 | D:4      | XOM: noise
  1061 | D:4      | XOM: confuse monster(s)
  1081 | D:4      | HP: 11/45 [something (3)]
  1084 | D:4      | Killed a phantom
  1084 | D:4      | Reached XP level 6. HP: 12/51 MP: 6/6
  1197 | D:4      | Found a staircase to the Ecumenical Temple.
  1207 | Temple   | Entered the Ecumenical Temple
  1281 | D:4      | XOM: confusion
  1288 | D:4      | Reached skill level 2 in Dodging
  1461 | D:5      | Noticed a sky beast
  1481 | D:5      | HP: 12/51 [sky beast (2)]
  1482 | D:5      | HP: 4/51 [sky beast (3)]
  1482 | D:5      | Slain by a sky beast

Vault maps used:
D:1:      minmay_arrival_checkered_box, minmay_misc_feat_pillars
D:4:      lemuel_round_altar, minmay_temple_entry_junction,
          grunt_dithmenos_smoke_and_mirrors
D:5:      first_bread, uniq_pikel
Temple:   circular_temple_12

Action                   |  1- 3 |  4- 6 || total
-------------------------+-------+-------++-------
Melee: Hand axe          |    59 |   145 ||   204
 Fire: Hunting sling     |       |     4 ||     4
Throw: Stone             |       |     4 ||     4
  Use: Potion            |       |     3 ||     3
 Stab: Invisible         |    10 |       ||    10
       Paralysed         |       |     2 ||     2
  Eat: Chunk             |       |     4 ||     4

Vault maps used:
D:1:      minmay_arrival_checkered_box, minmay_misc_feat_pillars
D:4:      lemuel_round_altar, minmay_temple_entry_junction,
          grunt_dithmenos_smoke_and_mirrors
D:5:      first_bread, uniq_pikel
Temple:   circular_temple_12

Table legend:
 A = Turns spent in this place as a percentage of turns spent in the entire game.
 B = Non-inter-level travel turns spent in this place as a percentage of non-inter-level travel turns spent in the entire game.
 C = Inter-level travel turns spent in this place as a percentage of turns spent in this place.
 D = Turns resting spent in this place as a percentage of non-inter-level travel turns spent in this place.
 E = Turns spent auto-exploring this place as a percentage of non-inter-level travel turns spent in this place.
 F = Non-inter-level travel turns spent in this place divided by the number of levels of this place that you've seen.
                   A       B       C       D       E      F
               +-------+-------+-------+-------+-------+----------------------
         Total | 100.0 | 100.0 |   0.1 |   0.0 |   0.0 | 208.3
       Dungeon |  97.3 |  97.3 |   0.1 |   0.0 |   0.0 | 243.2
        Temple |   2.7 |   2.7 |   0.0 |   0.0 |   0.0 |  34.0
               +-------+-------+-------+-------+-------+----------------------

Table legend:
 A = Kills in this place as a percentage of kills in entire the game.
 B = Kills by you in this place as a percentage of kills by you in the entire game.
 C = Kills by friends in this place as a percentage of kills by friends in the entire game.
 D = Other kills in this place as a percentage of other kills in the entire game.
 E = Experience gained in this place as a percentage of experience gained in the entire game.
 F = Experience gained in this place divided by the number of levels of this place that you have seen.
                   A       B       C       D       E      F
               +-------+-------+-------+-------+-------+----------------------
         Total | 100.0 | 100.0 |  -nan |  -nan | 100.0 |  79.0
       Dungeon | 100.0 | 100.0 |  -nan |  -nan | 100.0 |  94.8
               +-------+-------+-------+-------+-------+----------------------
